Map: Eternal Empire LE

Players

LiquidTLO (TLO)

  • Race: Zerg Zerg
  • Spawn Location: 1:00

AGOElazer (Elazer) - Winner!

  • Race: Zerg Zerg
  • League: Master
  • Spawn Location: 7:00

Event: StayAtHomestory Cup #2

VOD

Have the link to the VOD?

Description

Time

  • Played on: June 11, 2020, 10:47 a.m.
  • Length: 10:31
Show
View Real Time Build Order
Export as new Build Order

LiquidTLO Zerg 

Build Orders: Hatch First, Roach Hydra 

Get SALT Encoding   

  12  0:00  Drone  
  13  0:12  Overlord  
  13  0:17  Drone  
  14  0:31  Drone x2  
  16  0:48  Hatchery  
  15  0:51  Drone  
  15  0:55  Drone  
  17  0:58  Drone  
  18  1:05  Extractor  
  17  1:14  Spawning Pool  
  17  1:17  Drone  
  17  1:21  Drone  
  18  1:28  Drone  
  19  1:39  Drone  
  20  1:49  Drone  
  21  2:00  Queen, Overlord  
  21  2:01  Queen  
  25  2:03  Drone  
  26  2:11  Drone x2  
  26  2:13  Metabolic Boost  
  28  2:22  Drone x2  
  30  2:32  Drone  
  31  2:38  Hatchery  
  31  2:43  Zergling x2  
  31  2:44  Overlord  
  31  2:50  Baneling Nest  
  30  2:53  Drone  
  30  2:54  Drone  
  30  2:56  Zergling x2  
  33  3:04  Drone  
  33  3:05  Drone  
  35  3:09  Drone x2  
  35  3:10  Drone  
  35  3:11  Drone  
  39  3:14  Drone  
  39  3:17  Overlord  
  39  3:19  Drone  
  41  3:22  Drone  
  42  3:29  Queen  
  42  3:30  Overlord  
  44  3:38  Evolution Chamber, Drone  
  44  3:39  Baneling x2  
  44  3:40  Drone  
  45  3:42  Zergling x2  
  45  3:43  Drone  
  45  3:44  Drone  
  45  3:47  Drone  
  49  3:49  Extractor, Drone  
  49  3:52  Drone  
  49  3:53  Drone  
  51  4:00  Lair  
  50  4:06  Zergling x2  
  50  4:07  Zergling x4  
  50  4:09  Baneling x2  
  53  4:10  Baneling, Roach Warren  
  53  4:11  Zergling x2  
  53  4:15  Zergling x2  
  54  4:17  Evolution Chamber  
  54  4:21  Drone  
  54  4:23  Drone  
  54  4:24  Drone  
  56  4:25  Drone  
  56  4:26  Drone  
  56  4:28  Extractor, Drone  
  58  4:32  Overlord  
  58  4:35  Drone  
  58  4:36  Zerg Missile Weapons Level 1  
  59  4:38  Drone  
  59  4:39  Drone  
  59  4:40  Drone  
  59  4:42  Drone  
  59  4:43  Extractor, Drone  
  63  4:46  Drone, Overlord  
  63  4:50  Overlord  
  63  5:01  Nydus Network  
  63  5:02  Roach x2  
  63  5:04  Queen  
  68  5:07  Queen  
  68  5:12  Glial Reconstitution  
  72  5:14  Roach  
  72  5:18  Roach  
  72  5:19  Roach  
  72  5:21  Roach  
  78  5:23  Roach  
  78  5:27  Baneling  
  80  5:29  Queen  
  82  5:38  Nydus Canal  
  82  5:40  Roach x2  
  86  5:43  Roach  
  86  5:44  Roach  
  86  5:47  Overlord x2  
  90  5:58  Overlord  
  90  5:59  Overlord  
  90  6:00  Overlord  
  90  6:07  Spore Crawler  
  90  6:08  Roach, Spore Crawler  
  90  6:09  Roach  
  90  6:10  Roach  
  96  6:11  Roach  
  96  6:12  Roach  
  96  6:17  Nydus Canal  
  96  6:18  Queen x2  
  100  6:19  Drone  
  100  6:22  Roach  
  100  6:25  Roach  
  107  6:29  Drone  
  107  6:30  Hydralisk Den  
  107  6:31  Drone  
  108  6:39  Drone  
  108  6:42  Spore Crawler x2  
  108  6:43  Spore Crawler  
  108  6:47  Overlord  
  103  6:53  Roach, Spore Crawler  
  104  6:55  Roach  
  106  7:03  Roach  
  106  7:04  Roach  
  106  7:07  Roach  
  106  7:08  Roach x2  
  108  7:09  Roach x2  
  108  7:11  Roach  
  108  7:12  Roach  
  110  7:19  Grooved Spines  
  110  7:20  Drone x3  
  111  7:25  Overlord  
  111  7:29  Overlord  
  111  7:33  Overlord  
  111  7:34  Overlord  
  111  7:39  Overlord  
  111  7:41  Overlord  
  109  7:47  Spore Crawler x2  
  109  7:49  Spore Crawler  
  109  7:50  Overlord  
  106  7:52  Hydralisk  
  106  7:54  Hydralisk  
  108  8:01  Nydus Canal  
  108  8:02  Hydralisk  
  108  8:05  Overlord  
  110  8:08  Drone x2  
  110  8:09  Extractor  
  110  8:10  Extractor, Drone  
  111  8:15  Drone  
  111  8:17  Drone  
  111  8:24  Drone  
  111  8:25  Hydralisk x2  
  112  8:30  Hydralisk x2  
  110  8:36  Hydralisk  
  94  8:46  Hydralisk  
  92  8:49  Roach  
  92  8:54  Roach  
  92  8:56  Roach  
  92  9:00  Roach  
  92  9:02  Muscular Augments  
  96  9:07  Spore Crawler, Hydralisk  
  97  9:13  Drone x2  
  99  9:17  Spore Crawler  
  99  9:18  Drone  
  99  9:19  Drone, Spore Crawler  
  99  9:21  Hydralisk  
  101  9:25  Hydralisk  
  101  9:28  Hydralisk  
  101  9:29  Hydralisk  
  97  9:34  Hydralisk  
  95  9:38  Hydralisk  
  95  9:40  Spore Crawler  
  89  9:58  Hydralisk  
Show
View Real Time Build Order
Export as new Build Order

AGOElazer Zerg - Winner!

Build Orders: Hatch First 

Get SALT Encoding   

  12  0:00  Drone  
  13  0:12  Overlord  
  13  0:16  Drone  
  14  0:30  Drone x2  
  16  0:47  Hatchery  
  15  0:51  Drone  
  15  0:55  Drone  
  17  0:58  Drone  
  18  1:09  Extractor  
  17  1:13  Spawning Pool  
  17  1:16  Drone  
  17  1:19  Drone  
  18  1:27  Drone  
  19  1:39  Drone  
  20  1:49  Drone  
  21  1:59  Queen, Drone  
  21  2:00  Queen  
  21  2:01  Overlord  
  26  2:09  Metabolic Boost  
  26  2:10  Drone  
  26  2:11  Zergling x2  
  28  2:20  Drone  
  28  2:21  Drone  
  30  2:31  Drone  
  30  2:35  Hatchery  
  30  2:38  Drone  
  30  2:42  Drone  
  30  2:43  Drone  
  33  2:49  Baneling Nest  
  32  2:53  Overlord  
  32  2:55  Drone  
  33  3:04  Drone x2  
  35  3:08  Drone  
  36  3:13  Drone x3  
  36  3:15  Overlord  
  36  3:17  Zergling x4  
  41  3:20  Drone  
  41  3:24  Lair  
  42  3:27  Drone  
  42  3:31  Drone  
  43  3:37  Extractor  
  43  3:38  Drone  
  43  3:39  Drone x3  
  43  3:40  Zergling x2  
  43  3:41  Zergling x4  
  49  3:46  Overlord  
  49  3:49  Drone  
  49  3:51  Drone  
  51  4:01  Drone x3  
  51  4:02  Queen  
  56  4:05  Drone  
  56  4:07  Extractor x2  
  55  4:10  Drone x3  
  55  4:11  Drone x3  
  55  4:13  Drone  
  62  4:23  Spire  
  61  4:26  Drone x4  
  61  4:31  Overlord  
  65  4:33  Zergling x2  
  66  4:40  Overlord  
  66  4:44  Extractor x2  
  66  4:45  Drone x2  
  66  4:46  Overlord  
  66  4:50  Drone x5  
  70  4:55  Overlord  
  70  5:02  Drone  
  70  5:06  Zergling x8  
  75  5:28  Baneling x2  
  75  5:33  Overlord  
  74  5:35  Mutalisk  
  74  5:36  Spine Crawler x2, Mutalisk x7  
  74  5:39  Mutalisk  
  74  5:42  Overlord  
  89  5:43  Zergling x8  
  93  5:51  Spine Crawler x2, Mutalisk x2  
  93  5:52  Spine Crawler  
  93  5:54  Zergling x2  
  95  6:02  Overlord  
  95  6:05  Mutalisk x2  
  95  6:08  Overlord  
  99  6:13  Mutalisk  
  99  6:14  Overlord  
  101  6:23  Zerg Flyer Weapons Level 1  
  101  6:24  Overlord  
  101  6:32  Overlord  
  100  6:37  Overlord  
  99  6:40  Mutalisk x2  
  99  6:44  Overlord  
  101  6:52  Spine Crawler  
  100  6:55  Spine Crawler x2  
  100  6:56  Mutalisk  
  100  6:59  Zergling x10  
  105  7:06  Mutalisk  
  105  7:08  Zergling x6  
  106  7:13  Zergling x2  
  105  7:18  Mutalisk x2  
  109  7:29  Spine Crawler  
  108  7:30  Spine Crawler x2  
  108  7:31  Spine Crawler  
  108  7:32  Mutalisk  
  108  7:35  Queen x2  
  111  7:42  Mutalisk  
  112  7:46  Zergling x16  
  119  7:53  Mutalisk  
  119  7:57  Mutalisk  
  123  8:02  Overlord  
  122  8:15  Zergling x12  
  122  8:16  Baneling Nest  
  126  8:31  Zergling x6  
  127  8:41  Mutalisk x2  
  106  8:47  Mutalisk x3  
  94  8:56  Zergling x10  
  99  9:07  Mutalisk x2  
  103  9:10  Hatchery  
  102  9:17  Mutalisk  
  102  9:23  Hatchery  
  97  9:32  Mutalisk x2  
  97  9:35  Overlord  
  97  9:36  Drone x2  
  103  9:42  Mutalisk  
  105  9:52  Drone x2  
  107  9:55  Extractor  
  106  10:00  Mutalisk x2  
  110  10:11  Drone x2  
  105  10:19  Drone  
Tags
 
Add a new tag
Caveats
  • Supply blocks, unpowered buildings, or Contaminate may cause inaccurate times.
  • Supply counts are checked every 10 seconds.